Map: 贝克特工业-天梯版

Players

TIME (Oliveira) - Winner!

  • Race: Terran Terran

iGCoffeeMs (Coffee)

  • Race: Terran Terran

Event: DreamHack SC2 Masters 2021 Winter

VOD

Have the link to the VOD?

Description

Time

  • Played on: Oct. 8, 2021, 7:40 a.m.
  • Length: 9:38

All games in this series

Show
View Real Time Build Order
Export as new Build Order

TIME Terran - Winner!

Build Orders: Cyclone Opening 

Get SALT Encoding   

  12  0:00  SCV  
  13  0:12  SCV  
  14  0:17  Supply Depot  
  14  0:24  SCV  
  15  0:38  SCV  
  15  0:40  Barracks  
  16  0:44  Refinery  
  16  0:51  SCV  
  16  0:54  Refinery  
  17  1:03  SCV  
  18  1:15  SCV  
  19  1:28  Reaper, Orbital Command  
  19  1:29  Supply Depot  
  20  1:44  Factory  
  20  1:53  SCV  
  21  2:00  Reaper  
  22  2:05  SCV  
  23  2:18  SCV  
  24  2:24  Command Center  
  24  2:28  Factory Tech Lab  
  24  2:30  SCV  
  24  2:33  Barracks Reactor  
  25  2:42  SCV  
  26  2:46  Supply Depot  
  26  2:47  Cyclone  
  29  2:54  SCV  
  30  3:03  Starport  
  30  3:06  SCV  
  30  3:09  Marine x2  
  33  3:18  SCV  
  34  3:25  Siege Tank  
  34  3:26  Refinery  
  37  3:28  Marine x2  
  39  3:36  SCV, Orbital Command  
  39  3:40  Starport Tech Lab  
  40  3:46  Marine  
  40  3:48  SCV, Marine  
  43  4:00  SCV  
  41  4:08  Raven  
  41  4:09  SCV  
  41  4:11  Marine x2  
  41  4:12  SCV  
  44  4:20  Siege Tank  
  44  4:22  SCV  
  44  4:24  Supply Depot, SCV  
  48  4:28  Refinery  
  48  4:29  Marine x2  
  51  4:34  SCV  
  52  4:39  SCV  
  53  4:46  SCV  
  53  4:47  Supply Depot  
  53  4:51  SCV  
  55  4:53  Siege Tank  
  55  4:58  Supply Depot, SCV  
  59  5:03  SCV, Marine  
  59  5:04  Stimpack  
  61  5:09  Viking x2  
  61  5:10  Supply Depot  
  61  5:11  SCV  
  66  5:15  SCV  
  66  5:20  Supply Depot  
  67  5:23  Marine  
  67  5:25  SCV, Siege Tank  
  67  5:27  SCV  
  73  5:33  Supply Depot  
  73  5:39  SCV x2  
  73  5:41  Viking x2  
  79  5:52  SCV  
  79  5:53  Command Center  
  79  5:56  SCV  
  81  5:58  Marine  
  81  6:00  Siege Tank  
  75  6:14  Viking x2  
  75  6:15  SCV  
  74  6:20  Marine, Barracks  
  74  6:21  Barracks  
  74  6:22  SCV  
  76  6:28  SCV  
  76  6:32  Siege Tank  
  80  6:36  SCV  
  80  6:38  Engineering Bay x2  
  80  6:39  Marine  
  82  6:44  Combat Shield  
  82  6:48  Viking  
  82  6:49  Viking  
  82  6:51  SCV  
  82  6:52  SCV  
  88  7:06  Orbital Command  
  88  7:07  SCV  
  88  7:08  SCV  
  89  7:09  Barracks Reactor x2  
  89  7:10  Marine  
  89  7:11  Siege Tank  
  92  7:20  SCV  
  92  7:22  Liberator  
  96  7:23  Viking  
  96  7:24  SCV  
  99  7:32  SCV  
  99  7:36  SCV  
  98  7:40  Marine  
  98  7:41  Terran Infantry Weapons Level 1, Terran Infantry Armor Level 1  
  98  7:44  SCV  
  93  7:46  Siege Tank  
  93  7:48  Marine  
  93  7:49  Marine x3  
  100  7:58  Marine  
  98  7:59  Viking  
  98  8:00  SCV x2  
  98  8:03  Supply Depot x2  
  98  8:04  Barracks x2, Orbital Command  
  101  8:06  Marine x2  
  101  8:10  Marine  
  103  8:18  Medivac  
  105  8:27  Marine x3  
  105  8:28  Siege Tank  
  105  8:30  SCV  
  105  8:32  SCV x2  
  114  8:37  Supply Depot, Armory  
  114  8:40  Marine x2  
  116  8:41  Medivac  
  116  8:42  SCV  
  116  8:44  Marine  
  116  8:45  SCV x2  
  116  8:47  Supply Depot  
  107  9:07  Marine x2  
  107  9:08  Marine x2  
  107  9:09  Barracks Reactor x2  
  95  9:10  SCV x2  
  95  9:11  SCV  
  95  9:15  Refinery x2, Marine  
  102  9:22  SCV x2  
  107  9:25  SCV  
  107  9:28  Command Center  
Show
View Real Time Build Order
Export as new Build Order

iGCoffeeMs Terran 

Build Orders:  

Get SALT Encoding   

  12  0:00  SCV  
  13  0:12  SCV  
  14  0:17  Supply Depot  
  14  0:24  SCV  
  15  0:38  SCV  
  15  0:39  Barracks  
  16  0:43  Refinery  
  16  0:50  SCV  
  16  0:52  Refinery  
  17  1:02  SCV  
  18  1:15  SCV  
  19  1:26  Reaper  
  19  1:27  Orbital Command  
  19  1:28  Supply Depot  
  20  1:41  Factory  
  20  1:52  SCV  
  21  1:59  Barracks Reactor  
  21  2:04  SCV  
  22  2:17  SCV  
  22  2:21  Command Center  
  23  2:26  Hellion  
  23  2:29  SCV  
  26  2:36  Reaper x2  
  28  2:42  Supply Depot  
  28  2:48  Hellion  
  30  2:53  Starport  
  30  2:55  SCV  
  31  3:07  SCV  
  31  3:08  Reaper x2  
  31  3:10  Hellion  
  36  3:19  SCV  
  37  3:26  Refinery  
  37  3:29  Starport Tech Lab  
  37  3:31  SCV  
  37  3:33  Factory Tech Lab, Orbital Command  
  38  3:40  Marine x2  
  40  3:45  SCV  
  41  3:52  Raven  
  43  3:57  SCV  
  43  3:58  Marine x2  
  44  4:08  Cyclone  
  44  4:09  SCV  
  39  4:13  SCV  
  39  4:16  Marine x2  
  42  4:21  Supply Depot, SCV  
  43  4:25  SCV  
  44  4:33  SCV  
  44  4:35  Raven  
  44  4:37  SCV, Marine x2  
  50  4:43  Siege Tank  
  54  4:45  SCV  
  54  4:47  Supply Depot  
  54  4:49  SCV  
  55  4:57  Command Center  
  55  5:00  SCV  
  55  5:01  SCV  
  55  5:04  Marine x2  
  59  5:10  Supply Depot  
  59  5:13  SCV x2  
  61  5:15  Refinery  
  61  5:18  Raven  
  63  5:22  Supply Depot  
  63  5:23  Siege Tank  
  63  5:26  SCV x2  
  68  5:34  Barracks  
  68  5:36  Barracks  
  68  5:42  SCV x2  
  69  5:55  Siege Tank, Engineering Bay  
  69  5:56  Engineering Bay  
  72  5:58  SCV  
  72  5:59  SCV  
  74  6:13  Viking x2, Marine  
  74  6:17  SCV  
  77  6:19  Stimpack  
  77  6:23  Terran Infantry Weapons Level 1, Terran Infantry Armor Level 1  
  77  6:26  SCV  
  77  6:29  SCV  
  77  6:30  Barracks  
  77  6:32  Barracks  
  79  6:34  Marine x2  
  79  6:35  Marine  
  79  6:39  SCV  
  83  6:41  SCV  
  83  6:44  Orbital Command  
  84  6:52  Siege Tank  
  87  6:57  Viking x2  
  87  7:00  SCV  
  92  7:02  Supply Depot  
  92  7:10  SCV x2  
  92  7:13  Refinery  
  92  7:14  Refinery  
  94  7:17  SCV  
  94  7:19  Supply Depot, Barracks Reactor x2  
  94  7:22  SCV  
  96  7:26  Marine x2  
  96  7:27  Viking x2  
  99  7:37  Marine  
  99  7:41  SCV x2  
  99  7:44  SCV, Marine x2  
  102  7:53  SCV  
  102  7:55  Marine  
  90  7:59  Command Center, Viking x2  
  90  8:00  Marine x3  
  90  8:02  SCV x2  
  90  8:05  SCV  
  100  8:08  Barracks Reactor, Siege Tank, Combat Shield  
  100  8:09  Barracks Reactor  
  103  8:14  SCV  
  103  8:15  SCV  
  105  8:24  Marine x3  
  105  8:25  Marine  
  109  8:31  Marine  
  109  8:32  Viking x2  
  109  8:33  SCV x2  
  116  8:36  SCV  
  116  8:39  Sensor Tower  
  117  8:47  Supply Depot, Armory  
  117  8:48  Supply Depot x2  
  117  8:54  SCV, Marine  
  92  9:05  Marine  
  92  9:07  Marine x2  
  78  9:10  Marine x3  
  78  9:11  SCV  
  89  9:17  SCV  
  89  9:19  Marine  

Tags
 
Add a new tag
Caveats
  • Supply blocks, unpowered buildings, or Contaminate may cause inaccurate times.
  • Supply counts are checked every 10 seconds.